 Dungeon Crawl Stone Soup version 0.24-a0-22-g2a401c0 (webtiles) character file.

Game seed: 12391834136604766709

2 varaam the Caller (level 1, 0/10 HPs)
             Began as a Deep Elf Summoner on Feb 1, 2019.
             Slain by a hobgoblin
             ... wielding a +0 club
              (4 damage)
             ... on level 1 of the Dungeon.
             The game lasted 00:00:45 (62 turns).

varaam the Caller (Deep Elf Summoner)                 Turns: 62, Time: 00:00:46

Health: 0/10       AC:  2    Str:  5    XL:     1   Next: 25%
Magic:  5/6        EV: 13    Int: 19    God:
Gold:   0          SH:  0    Dex: 15    Spells: 5/6 levels left

rFire    . . .     SeeInvis .   b - +0 mace
rCold    . . .     Gourm    .   (no shield)
rNeg     . . .     Faith    .   a - +0 robe
rPois    .         Spirit   .   (no helmet)
rElec    .         Reflect  .   (no cloak)
rCorr    .         Harm     .   (no gloves)
MR       .....                  (no boots)
Stlth    ++........             (no amulet)
HPRegen  0.03/turn              (no ring)
MPRegen  0.10/turn              (no ring)

@: no status effects
A: no striking features
a: no special abilities


You were on level 1 of the Dungeon.
You were not hungry.

You visited 1 branch of the dungeon, and saw 1 of its levels.

Inventory:

Hand Weapons
 b - a +0 mace (weapon)
Armour
 a - a +0 robe (worn)
Scrolls
 d - a scroll of enchant armour {unknown}
Comestibles
 c - a ration


   Skills:
 - Level 2.4 Dodging
 - Level 2.4 Stealth
 - Level 3.0 Spellcasting
 + Level 4.5 Summonings


You had 5 spell levels left.
You knew the following spells:

 Your Spells              Type           Power        Failure   Level  Hunger
a - Summon Small Mammal   Summ           ###.         2%          1    None

Your spell library contained the following spells:

 Spells                   Type           Power        Failure   Level  Hunger
 Call Imp                 Summ           ###.....     3%          2    ##.....
 Call Canine Familiar     Summ           ###.....     7%          3    ###....
 Summon Guardian Golem    Hex/Summ       ##......     19%         3    ###....
 Summon Ice Beast         Ice/Summ       ##......     52%         4    ####...
 Summon Lightning Spire   Summ/Air       ##......     52%         4    ####...


Dungeon Overview and Level Annotations

Branches:
Dungeon (1/15)

Altars:


Message History

You hit the giant cockroach.
The giant cockroach bites you but does no damage.
You closely miss the giant cockroach. The giant cockroach barely misses you.
The giant cockroach bites you but does no damage.
You barely miss the giant cockroach. The giant cockroach bites you. x2
You take 2 damage, and have 8/10 hp.
You completely miss the giant cockroach.
The giant cockroach closely misses you.
You hit the giant cockroach but do no damage.
The giant cockroach bites you. The giant cockroach misses you.
You take 1 damage, and have 7/10 hp.
You hit the giant cockroach.
You kill the giant cockroach!
The hobgoblin hits you with a +0 club.
* * * LOW HITPOINT WARNING * * *
You take 3 damage, and have 4/10 hp.
MASSIVE DAMAGE!!
You now have 5/6 mp.
You hit the hobgoblin but do no damage. The hobgoblin hits you with a +0 club.
You die...

## ..### ....
#########...####
#.......#......##
#................
##......@###....##
.........gr†......
#......r###....##
#.......# ...#
#.......# ###
#.......#
#######.#
#.###########
#.....#.....#


You could see a hobgoblin, a rat and a friendly quokka.

Vault maps used:
D:1:      dpeg_arrival_connections

Notes
Turn   | Place    | Note
-------+----------+-------------------------------------------
     0 | D:1      | varaam the Deep Elf Summoner began the quest for the Orb.
     0 | D:1      | Reached XP level 1. HP: 10/10 MP: 6/6
    25 | D:1      | Identified a +0 mace (You found it on level 1 of the
                  | Dungeon)
    49 | D:1      | Identified a +0 club
    62 | D:1      | Slain by a hobgoblin

Table legend:
 A = Turns spent in this place as a percentage of turns spent in the entire game.
 B = Non-inter-level travel turns spent in this place as a percentage of non-inter-level travel turns spent in the entire game.
 C = Inter-level travel turns spent in this place as a percentage of turns spent in this place.
 D = Turns resting spent in this place as a percentage of non-inter-level travel turns spent in this place.
 E = Turns spent auto-exploring this place as a percentage of non-inter-level travel turns spent in this place.
 F = Non-inter-level travel turns spent in this place divided by the number of levels of this place that you've seen.
                   A       B       C       D       E      F
               +-------+-------+-------+-------+-------+----------------------
         Total | 100.0 | 100.0 |   0.0 |   0.0 |  61.3 |  62.0
       Dungeon | 100.0 | 100.0 |   0.0 |   0.0 |  61.3 |  62.0
               +-------+-------+-------+-------+-------+----------------------

Table legend:
 A = Kills in this place as a percentage of kills in entire the game.
 B = Kills by you in this place as a percentage of kills by you in the entire game.
 C = Kills by friends in this place as a percentage of kills by friends in the entire game.
 D = Other kills in this place as a percentage of other kills in the entire game.
 E = Experience gained in this place as a percentage of experience gained in the entire game.
 F = Experience gained in this place divided by the number of levels of this place that you have seen.
                   A       B       C       D       E      F
               +-------+-------+-------+-------+-------+----------------------
         Total | 100.0 | 100.0 | 100.0 |   N/A | 100.0 |   3.0
       Dungeon | 100.0 | 100.0 | 100.0 |   N/A | 100.0 |   3.0
               +-------+-------+-------+-------+-------+----------------------

Action                   || total
-------------------------++-------
Melee: Mace              ||     8
 Cast: Summon Small Mamm ||     2
 Stab: Sleeping          ||     1
Armor: Robe              ||     2
Dodge: Dodged            ||     5

Vanquished Creatures
  A giant cockroach (D:1)
1 creature vanquished.

Vanquished Creatures (collateral kills)
  A bat (D:1)
1 creature vanquished.

Grand Total: 2 creatures vanquished
